[Event "fics rated crazyhouse match"]
[Site "fics, Oklahoma City, OK USA"]
[Date "2000.02.02"]
[White "LINDEGREN"]
[WhiteElo "2299"]
[Black "Tecumseh"]
[BlackElo "2254"]
[TimeControl "120+0"]
[Result "1-0"]

1. e4 Nc6 2. Nc3 Nf6 3. Nf3 d5 4. exd5 Nxd5 5. d4 Bg4 6. Bb5 
e6 7. P@a6 P@d7 8. axb7 Rb8 9. Bxc6 dxc6 10. N@e5 Bh5 11. Nxc6 Nxc3 
12. bxc3 B@d7 13. Nxd8 Rxd8 14. N@e5 N@h4 15. Nxd7 Nxg2+ 16. Kf1 Nh4 17. P@g2 
Bxf3 18. gxf3 P@g2+ 19. Ke2 gxh1=Q 20. Qxh1 N@d5 21. B@d2 Ng6 22. P@g3 N@f5 
23. B@c6 Bd6 24. Nf6+ Ke7 25. Nxd5+ exd5 26. N@c8+ Kf6 27. Bg5+ Ke6 28. Nxd6 
cxd6 29. B@d7+ Rxd7 30. Bxd7+ Kxd7 31. R@c8 Nxd4+ 32. cxd4 B@a5 33. Q@c6+ Ke6 
34. N@c7+ Kf5 35. g4# 
{Tecumseh checkmated} 1-0

[Event "fics rated crazyhouse match"]
[Site "fics, Oklahoma City, OK USA"]
[Date "2000.02.02"]
[White "Tecumseh"]
[WhiteElo "2247"]
[Black "LINDEGREN"]
[BlackElo "2306"]
[TimeControl "120+0"]
[Result "0-1"]

1. e4 Nf6 2. e5 Nd5 3. Nc3 e6 4. Nf3 b6 5. Bc4 Bb7 6. d4 
Bb4 7. Bd2 Bxc3 8. bxc3 N@f4 9. Rg1 Ng6 10. B@g5 f6 11. exf6 Nxf6 
12. P@e5 O-O 13. exf6 gxf6 14. Bh6 P@g7 15. Bxg7 Kxg7 16. N@h5+ Kg8 17. P@g7 
Rf7 18. Qe2 B@g4 19. Nf4 Rxg7 20. d5 Nxf4 21. Bxf4 P@b2 22. Rd1 exd5 
23. N@h6+ Kh8 24. Bxc7 Qf8 25. Bxb8 Rxb8 26. N@f7+ Rxf7 27. Nxf7+ Qxf7 28. R@e7 
Qg6 29. P@g7+ Kg8 30. Rxd5 B@f7 31. Re8+ Kxg7 32. Rxb8 b1=Q+ 33. Rd1 Qxd1+ 
34. Kxd1 N@b2+ 35. Kd2 Nxc4+ 36. Qxc4 Bxc4 37. P@h6+ Kxh6 
{Tecumseh resigns} 0-1

[Event "fics rated crazyhouse match"]
[Site "fics, Oklahoma City, OK USA"]
[Date "2000.02.02"]
[White "Ephemera"]
[WhiteElo "2137"]
[Black "LSS"]
[BlackElo "2407"]
[TimeControl "180+0"]
[Result "1-0"]

1. e4 e6 2. d4 d5 3. e5 Ne7 4. Nf3 Nbc6 5. Bd3 Ng6 6. O-O 
Be7 7. c3 Nh4 8. Nxh4 Bxh4 9. N@h5 Kf8 10. Qg4 N@g6 11. Nxg7 Kxg7 
12. P@f6+ Kg8 13. Bh6 Bxf6 14. exf6 Qxf6 15. B@e5 Qd8 16. Bxh8 Kxh8 17. Bxg6 
hxg6 18. N@e5 Nxe5 19. dxe5 N@f5 20. R@f8+ Qxf8 21. Bxf8 P@g7 22. N@f6 gxf6 
23. Qxf5 R@h7 24. Qxf6+ P@g7 25. Bxg7+ Rxg7 26. Q@f8+ N@g8 27. Q8xg7# 
{LSS checkmated} 1-0

[Event "fics rated crazyhouse match"]
[Site "fics, Oklahoma City, OK USA"]
[Date "2000.02.02"]
[White "LSS"]
[WhiteElo "2394"]
[Black "Ephemera"]
[BlackElo "2150"]
[TimeControl "180+0"]
[Result "1-0"]

1. e4 Nf6 2. e5 Nd5 3. Nc3 e6 4. Nf3 d6 5. Nxd5 exd5 6. d4 
Nc6 7. Bb5 Bg4 8. N@a5 dxe5 9. Nxc6 bxc6 10. Bxc6+ P@d7 11. Bxd5 Bb4+ 
12. P@c3 exd4 13. Bxf7+ Kf8 14. cxb4 Qe7+ 15. P@e3 N@h4 16. P@b7 Rb8 17. Rg1 
P@e4 18. B@c5 d6 19. N@c6 Qxf7 20. Nxb8 exf3 21. R@d8+ B@e8 22. Bxd4 Nxg2+ 
23. Rxg2 fxg2 24. N@d7+ Qxd7 25. Nxd7+ Bxd7 26. Bxg7+ Kxg7 27. P@h6+ Kxh6 28. e4+ 
B@g5 29. Bxg5+ Kxg5 30. Qd2+ B@f4 31. B@h6+ Kxh6 32. Qxf4+ B@g5 33. Q@f6+ R@g6 
34. Q4xg5# 
{Ephemera checkmated} 1-0

[Event "fics rated crazyhouse match"]
[Site "fics, Oklahoma City, OK USA"]
[Date "2000.02.02"]
[White "Ephemera"]
[WhiteElo "2147"]
[Black "LSS"]
[BlackElo "2397"]
[TimeControl "180+0"]
[Result "0-1"]

1. e4 e6 2. d4 d5 3. e5 c5 4. Nf3 Nc6 5. Bb5 Bd7 6. Bxc6 
Bxc6 7. O-O B@e4 8. dxc5 Bxc5 9. P@d4 Bf8 10. Nc3 Rc8 11. Bg5 P@f6 
12. exf6 gxf6 13. Bf4 Nh6 14. N@h5 Rg8 15. P@g7 Bxg7 16. Nxg7+ Rxg7 17. Bxh6 
Rxg2+ 18. Kxg2 N@h4+ 19. Kg3 Nf5+ 20. Kg2 P@g4 21. R@g8+ Ke7 22. Rxg4 Nxh6 
23. Rf4 P@g4 24. P@e5 gxf3+ 25. Kh3 B@g2+ 26. Kh4 N@f5+ 27. Kh5 P@g6# 
{Ephemera checkmated} 0-1

[Event "fics rated crazyhouse match"]
[Site "fics, Oklahoma City, OK USA"]
[Date "2000.02.02"]
[White "sadness"]
[WhiteElo "2027"]
[Black "pminear"]
[BlackElo "2391"]
[TimeControl "60+0"]
[Result "0-1"]

1. e4 e5 2. Nc3 Nc6 3. Nf3 Bc5 4. Ne2 Nf6 5. d3 d5 6. Ng3 
dxe4 7. dxe4 Bxf2+ 8. Ke2 Qxd1+ 9. Kxd1 Bg4 10. Q@d2 Rd8 11. P@d3 P@e3 
12. Qe2 Bxg3 13. hxg3 N@f2+ 14. Ke1 Nxh1 15. B@c5 P@d6 16. B5xe3 Nxg3 17. Qf2 
Nh1 18. Qe2 Bxf3 19. gxf3 N@d4 20. Bxd4 Nxd4 21. Qg2 P@f2+ 22. Qxf2 Nxf2 
23. Kxf2 Q@h2+ 24. B@g2 B@g3+ 25. Ke3 Q@f2# 
{sadness checkmated} 0-1

[Event "fics rated crazyhouse match"]
[Site "fics, Oklahoma City, OK USA"]
[Date "2000.02.02"]
[White "pminear"]
[WhiteElo "2393"]
[Black "sadness"]
[BlackElo "2025"]
[TimeControl "60+0"]
[Result "1-0"]

1. e4 Nf6 2. Nc3 d5 3. exd5 Nxd5 4. d4 Nc6 5. Nf3 e6 6. Bd3 
Nxc3 7. bxc3 P@b4 8. cxb4 Nxb4 9. Be2 N@c3 10. Qd2 Nxe2 11. Kxe2 B@g4 
12. N@e5 Bxf3+ 13. gxf3 Bd6 14. Nxf7 Kxf7 15. P@e5 Be7 16. P@h6 Nd5 17. hxg7 
N@f4+ 18. Ke1 Kxg7 19. P@h6+ Kf7 20. Rg1 P@g2 21. Qxf4+ Nxf4 22. Bxf4 Q@f1+ 
23. Rxf1 gxf1=Q+ 24. Kxf1 P@g2+ 25. Kxg2 N@h4+ 26. Kh3 Nf5 27. B@h5+ R@g6 28. P@g4 
Nxh6 29. Bxg6+ hxg6 30. Bxh6 Rxh6+ 31. Kg2 P@h3+ 32. Kg1 B@e2 33. N@g5# 
{sadness forfeits on time} 1-0

[Event "fics rated crazyhouse match"]
[Site "fics, Oklahoma City, OK USA"]
[Date "2000.02.02"]
[White "sadness"]
[WhiteElo "2023"]
[Black "pminear"]
[BlackElo "2395"]
[TimeControl "60+0"]
[Result "0-1"]

1. e4 e5 2. Ne2 Nc6 3. Ng3 Nf6 4. d3 d5 5. Bg5 Be7 6. Bxf6 
Bxf6 7. exd5 Qxd5 8. P@e4 Qa5+ 9. Nd2 B@h6 10. N@c4 Qc5 11. Be2 P@f4 
12. Nh5 Nd4 13. Nxf6+ gxf6 14. B@a3 Qc6 15. O-O Rg8 16. Nf3 Nxe2+ 17. Qxe2 
Bg4 18. N@d2 N@h3+ 19. Kh1 Ng5 20. Rae1 Bxf3 21. Nxf3 Nxf3 22. Qxf3 N@d4 
23. Qh3 f3 24. Qxh6 fxg2+ 25. Kg1 Nf3# 
{sadness checkmated} 0-1

[Event "fics rated crazyhouse match"]
[Site "fics, Oklahoma City, OK USA"]
[Date "2000.02.02"]
[White "pminear"]
[WhiteElo "2397"]
[Black "sadness"]
[BlackElo "2021"]
[TimeControl "60+0"]
[Result "1-0"]

1. e4 Nf6 2. Nc3 d5 3. exd5 Nxd5 4. Nf3 Nc6 5. Bb5 e6 6. Nxd5 
exd5 7. Ne5 Bd7 8. Nxd7 Qxd7 9. O-O P@e5 10. Re1 Bd6 11. d4 O-O-O 
12. dxe5 Rde8 13. P@a6 Bxe5 14. axb7+ Kxb7 15. N@c5+ Kc8 16. Ba6+ Kd8 17. Bg5+ 
P@f6 18. Nxd7 Kxd7 19. Qxd5+ P@d6 20. B@h3+ N@e6 21. Bxe6+ fxe6 22. N@c5+ Ke7 
23. Qxe6# 
{sadness resigns} 1-0

[Event "fics rated crazyhouse match"]
[Site "fics, Oklahoma City, OK USA"]
[Date "2000.02.02"]
[White "sadness"]
[WhiteElo "2019"]
[Black "pminear"]
[BlackElo "2399"]
[TimeControl "60+0"]
[Result "0-1"]

1. d4 Nf6 2. Nc3 e6 3. Bg5 Be7 4. Nf3 Nc6 5. Bxf6 Bxf6 6. N@h5 
B@g6 7. Nxf6+ gxf6 8. B@e4 f5 9. Bxc6 bxc6 10. Ne5 B@g7 11. Nxg6 hxg6 
12. B@e5 f6 13. Bf4 N@g4 14. h3 Nxf2 15. Kxf2 N@g4+ 16. Ke1 P@f2+ 17. Kd2 
e5 18. dxe5 fxe5 19. Bg3 Bh6+ 20. Kd3 Ba6+ 21. P@c4 e4+ 22. Kd4 Qf6+ 
23. N@e5 Nxe5 24. Bxe5 c5+ 25. Kxc5 Qxe5+ 26. P@d5 B@b6+ 27. Kb4 Qd6+ 28. Kb3 
N@c5# 
{sadness forfeits on time} 0-1

[Event "fics rated crazyhouse match"]
[Site "fics, Oklahoma City, OK USA"]
[Date "2000.02.02"]
[White "pminear"]
[WhiteElo "2401"]
[Black "SBGiffy"]
[BlackElo "2041"]
[TimeControl "60+0"]
[Result "1-0"]

1. e4 e5 2. Nc3 Nc6 3. Nf3 Nf6 4. Bc4 Bb4 5. O-O d6 6. d4 
exd4 7. Nxd4 Bxc3 8. bxc3 Ne5 9. Be2 O-O 10. f4 Ng6 11. f5 Ne5 
12. P@h6 gxh6 13. Bxh6 P@g7 14. Bxg7 Kxg7 15. B@e3 Neg4 16. Bxg4 Nxg4 17. Qxg4+ 
P@g6 18. N@h5+ Kg8 19. N@h6+ Kh8 20. P@g7# 
{SBGiffy checkmated} 1-0

[Event "fics rated crazyhouse match"]
[Site "fics, Oklahoma City, OK USA"]
[Date "2001.02.02"]
[White "JKiller"]
[WhiteElo "2404"]
[Black "tantheman"]
[BlackElo "2278"]
[TimeControl "180+0"]
[Result "1-0"]

1. e4 e6 2. d4 Nc6 3. Nc3 Nf6 4. e5 Nd5 5. Nxd5 exd5 6. Nf3 
d6 7. Bb5 Bg4 8. N@a5 Rb8 9. Nxc6 bxc6 10. Bxc6+ N@d7 11. Bxd5 dxe5 
12. P@c6 Nf6 13. Bxf7+ Kxf7 14. Nxe5+ Ke7 15. Nxg4 Nxg4 16. Qxg4 B@e6 17. B@a3+ 
P@d6 18. N@f5+ Bxf5 19. N@d5+ Ke8 20. P@f7+ Kxf7 21. Qxf5+ P@f6 22. P@e6+ Ke8 
23. P@f7# 
{tantheman checkmated} 1-0

[Event "fics rated crazyhouse match"]
[Site "fics, Oklahoma City, OK USA"]
[Date "2001.02.02"]
[White "tantheman"]
[WhiteElo "2273"]
[Black "JKiller"]
[BlackElo "2409"]
[TimeControl "180+0"]
[Result "1-0"]

1. e4 e6 2. d4 b6 3. Nc3 Bb7 4. Nf3 Nf6 5. Bd3 Nc6 6. O-O 
Ne7 7. Bg5 a6 8. e5 Nfd5 9. Nxd5 Bxd5 10. c4 Bb7 11. d5 exd5 
12. cxd5 Bxd5 13. P@h6 N@e6 14. hxg7 Bxg7 15. P@h6 Nc6 16. hxg7 Rg8 17. Bxd8 
Kxd8 18. N@f6 Bxf3 19. Qxf3 N@d4 20. Qe4 B@g6 21. Qd5 Bxd3 22. Qxd7# 
{JKiller checkmated} 1-0

[Event "fics rated crazyhouse match"]
[Site "fics, Oklahoma City, OK USA"]
[Date "2001.02.02"]
[White "JKiller"]
[WhiteElo "2398"]
[Black "tantheman"]
[BlackElo "2284"]
[TimeControl "180+0"]
[Result "0-1"]

1. e4 e6 2. d4 b6 3. Nc3 Bb7 4. Nf3 Nf6 5. Bd3 Bb4 6. Qe2 
d5 7. exd5 Nxd5 8. Bd2 Bxc3 9. bxc3 N@f4 10. Bxf4 Nxf4 11. B@g5 Nxg2+ 
12. Kf1 Bxf3 13. Bxd8 Bxe2+ 14. Bxe2 Ne3+ 15. fxe3 P@g2+ 16. Kxg2 B@d5+ 17. B@f3 
Q@g4+ 18. Q@g3 P@h3+ 19. Kf2 Qxg3+ 20. hxg3 N@g4+ 21. Bxg4 Q@g2+ 22. Ke1 Qxh1+ 
23. N@f1 Kxd8 24. N@e5 Rf8 25. N@f4 B@b2 26. P@e7+ Kxe7 27. Q@b4+ P@d6 28. Qxb2 
dxe5 29. dxe5 N@e4 30. Nxd5+ exd5 31. P@d6+ cxd6 32. exd6+ Nxd6 33. P@e5 P@f2+ 
34. Kd2 N@c4+ 35. Bxc4 Nxc4+ 36. Ke2 R@e1+ 37. Kxf2 Qxf1# 
{JKiller checkmated} 0-1

[Event "fics rated crazyhouse match"]
[Site "fics, Oklahoma City, OK USA"]
[Date "2001.02.02"]
[White "tantheman"]
[WhiteElo "2295"]
[Black "JKiller"]
[BlackElo "2387"]
[TimeControl "180+0"]
[Result "0-1"]

1. e4 e6 2. Nc3 Nc6 3. Nf3 Nf6 4. d4 Bb4 5. Bd3 d5 6. exd5 
exd5 7. Qe2+ P@e4 8. Bb5 O-O 9. Bxc6 exf3 10. gxf3 bxc6 11. Rg1 B@g6 
12. P@h6 Re8 13. P@e5 gxh6 14. Bxh6 N@f5 15. Be3 P@f4 16. exf6 fxe3 17. fxe3 
B@h4+ 18. P@f2 Bxf6 19. P@e5 Bh4 20. N@h5 P@g7 21. Nxg7 Kxg7 22. P@f6+ Kg8 
23. a3 Bxc3+ 24. bxc3 N@h5 25. B@g4 Nxf6 26. exf6 Bxf6 27. Bxf5 Bxf5 28. N@h6+ 
Kh8 29. Nxf5 Bxf5 30. N@h6 B@g6 31. B@e5 Rxe5 32. dxe5 Bxe5 33. Nxf5 Bxf5 
34. B@d4 Bxd4 35. exd4 B@h6 36. N@h5 P@d2+ 37. Kf1 B@h3+ 38. B@g2 P@b2 39. Rd1 
P@d3 40. cxd3 N@c1 41. Qxd2 Bxd3+ 42. Qxd3 Nxd3 43. Bxh3 P@e2+ 44. Kg2 N@h4+ 
45. Kh1 Nxf2# 
{tantheman checkmated} 0-1

[Event "fics rated crazyhouse match"]
[Site "fics, Oklahoma City, OK USA"]
[Date "2001.02.02"]
[White "JKiller"]
[WhiteElo "2393"]
[Black "tantheman"]
[BlackElo "2289"]
[TimeControl "180+0"]
[Result "1-0"]

1. e4 e6 2. d4 b6 3. Nc3 Bb7 4. Nf3 Nf6 5. Bd3 Bb4 6. Bg5 
Nxe4 7. Bxd8 Nxc3 8. bxc3 Bxc3+ 9. Kf1 Kxd8 10. N@e5 N@d6 11. Rb1 P@f6 
12. Q@a3 P@b4 13. Rxb4 Bxb4 14. Qxb4 fxe5 15. dxe5 B@c5 16. B@h4+ Kc8 17. Qxc5 
bxc5 18. exd6 Bxf3 19. N@e7+ Kb7 20. Qxf3+ c6 21. P@a6+ Kb6 22. B@c7# 
{tantheman checkmated} 1-0

[Event "fics rated crazyhouse match"]
[Site "fics, Oklahoma City, OK USA"]
[Date "2001.02.02"]
[White "tantheman"]
[WhiteElo "2283"]
[Black "JKiller"]
[BlackElo "2399"]
[TimeControl "180+0"]
[Result "0-1"]

1. e4 e6 2. Nc3 Nc6 3. Nf3 Nf6 4. e5 Nd5 5. d4 d6 6. Bd3 
dxe5 7. dxe5 Nxc3 8. bxc3 P@g4 9. Bg5 Qd7 10. Bb5 gxf3 11. gxf3 N@d5 
12. P@h6 Nxc3 13. hxg7 P@d2+ 14. Qxd2 Qxd2+ 15. Kxd2 Q@d4+ 16. N@d3 N@e4+ 17. fxe4 
Nxe4+ 18. Ke2 P@f3+ 19. Kxf3 Nxg5+ 20. Ke2 B@g4+ 21. Kd2 Ne4+ 22. Kc1 Ba3+ 
23. P@b2 Bxb2+ 24. Nxb2 P@d2+ 25. Kb1 Nc3# 
{tantheman checkmated} 0-1

[Event "fics rated crazyhouse match"]
[Site "fics, Oklahoma City, OK USA"]
[Date "2001.02.02"]
[White "JKiller"]
[WhiteElo "2404"]
[Black "tantheman"]
[BlackElo "2278"]
[TimeControl "180+0"]
[Result "1-0"]

1. e4 e6 2. d4 d5 3. exd5 exd5 4. Bb5+ Nc6 5. Qe2+ Qe7 6. P@e5 
Bd7 7. Be3 f6 8. Nc3 P@e6 9. Nf3 fxe5 10. Bxc6 Bxc6 11. Nxe5 Nf6 
12. P@f7+ Kd8 13. Bg5 B@a6 14. N@g8 Bxe2 15. Nxe7 Bxe7 16. Nxe2 N@e4 17. Bxf6 
Bxf6 18. N@g8 P@d2+ 19. Kd1 Nxf2+ 20. Kxd2 Ne4+ 21. Kc1 B@e3+ 22. P@d2 Bxd2+ 
23. Kb1 Q@f8 24. B@e8 Bxe8 25. fxe8=Q+ Qxe8 26. B@f7 Qb5 27. Bxe6 Bxe5 28. Q@e7# 
{tantheman checkmated} 1-0

[Event "fics rated crazyhouse match"]
[Site "fics, Oklahoma City, OK USA"]
[Date "2001.02.02"]
[White "Blechkiste"]
[WhiteElo "2511"]
[Black "liveZ"]
[BlackElo "2337"]
[TimeControl "180+0"]
[Result "0-1"]

1. e4 e6 2. d4 Nc6 3. Be3 d5 4. e5 Nge7 5. Nh3 Nf5 6. Be2 
Be7 7. O-O O-O 8. Bd3 f6 9. Bxf5 exf5 10. exf6 Bxf6 11. P@e5 B@g4 
12. f3 Bxh3 13. exf6 Qxf6 14. gxh3 f4 15. Bf2 P@e3 16. Be1 P@f2+ 17. Rxf2 
exf2+ 18. Bxf2 Bxh3 19. P@g2 P@e3 20. Be1 Nxd4 21. P@f7+ Rxf7 22. gxh3 N@e2+ 
23. Qxe2 Nxe2+ 24. Kf1 R@d1 25. N@d3 Nd4 26. Kg2 P@f2 27. Nxf2 exf2 28. N@h6+ 
Qxh6 29. Kxf2 Q@e2+ 30. Kg1 Nxf3+ 31. Kh1 Qxh2# 
{Blechkiste checkmated} 0-1

[Event "fics rated crazyhouse match"]
[Site "fics, Oklahoma City, OK USA"]
[Date "2001.02.02"]
[White "Blechkiste"]
[WhiteElo "2501"]
[Black "Korchnoj"]
[BlackElo "2143"]
[TimeControl "180+0"]
[Result "1-0"]

1. e4 d6 2. d4 e6 3. Nc3 Be7 4. Bb5+ Bd7 5. Nf3 Nf6 6. e5 
Ng4 7. h3 Nxf2 8. Kxf2 Bxb5 9. Nxb5 O-O 10. exd6 cxd6 11. P@c7 Qd7 
12. cxb8=R Qxb5 13. Rxf8+ Rxf8 14. N@e4 B@g6 15. B@d3 P@c4 16. Nc3 Qc6 17. N@a5 
Qc7 18. Nxc4 Bxd3 19. cxd3 d5 20. B@e5 P@d6 21. Nb5 Qd7 22. Ncxd6 Bxd6 
23. Nxd6 P@f6 24. B@b5 B@c6 25. Bxc6 bxc6 26. R@b7 B@c7 27. Nb5 fxe5 28. Rxc7 
B@g3+ 29. Kxg3 N@f5+ 30. Kf2 Qxc7 31. Nxc7 exd4 32. P@e7 P@e3+ 33. Kg1 Nxe7 
34. Nxd4 P@f2+ 35. Kh2 N@f5 36. Nxf5 Nxf5 37. P@g4 R@e1 38. Rxe1 fxe1=Q 39. Qxe1 
N@c2 40. Q@c5 R@e7 41. Qxc2 Nd4 42. Qc5 Rxc7 43. Qeb4 Nf3+ 44. gxf3 Rfc8 
45. R@f8# 
{Korchnoj resigns} 1-0

[Event "fics rated crazyhouse match"]
[Site "fics, Oklahoma City, OK USA"]
[Date "2001.02.02"]
[White "Korchnoj"]
[WhiteElo "2141"]
[Black "Blechkiste"]
[BlackElo "2503"]
[TimeControl "180+0"]
[Result "0-1"]

1. e4 Nf6 2. Nc3 d5 3. exd5 Nxd5 4. Nxd5 Qxd5 5. d4 Qe4+ 6. Qe2 
Qxd4 7. Be3 Qxb2 8. Rd1 N@b4 9. N@a1 Qxa2 10. Qb5+ N8c6 11. Bc4 Qxa1 
12. Rxa1 Nxc2+ 13. Ke2 N@c3+ 14. Kd2 Nxb5 15. Bxb5 Nxa1 16. P@c2 P@c3+ 17. Ke2 
Q@h5+ 18. Nf3 Qxb5+ 19. N@d3 Nxc2 20. Ng5 B@f1+ 21. Rxf1 N6d4+ 22. Kd1 Qb1# 
{Korchnoj resigns} 0-1

[Event "fics rated crazyhouse match"]
[Site "fics, Oklahoma City, OK USA"]
[Date "2001.02.02"]
[White "Blechkiste"]
[WhiteElo "2505"]
[Black "Korchnoj"]
[BlackElo "2139"]
[TimeControl "180+0"]
[Result "1-0"]

1. e4 e5 2. Bc4 d6 3. Qh5 Qe7 4. Bxf7+ Qxf7 5. Qxf7+ Kxf7 6. Q@c4+ 
B@e6 7. P@d5 Bg4 8. Qxc7+ Be7 9. P@e6+ Kf8 10. Qxc8+ Q@e8 11. Qxb7 Nf6 
12. Qxa8 Nxe4 13. P@c7 
{Korchnoj resigns} 1-0

[Event "fics rated crazyhouse match"]
[Site "fics, Oklahoma City, OK USA"]
[Date "2001.02.02"]
[White "Korchnoj"]
[WhiteElo "2137"]
[Black "Blechkiste"]
[BlackElo "2507"]
[TimeControl "180+0"]
[Result "0-1"]

1. e4 e6 2. Nf3 Nf6 3. Nc3 d6 4. Be2 Nc6 5. d4 h6 6. O-O 
d5 7. exd5 exd5 8. Ne5 Ne7 9. Bf3 P@d6 10. Nxf7 Kxf7 11. Re1 c6 
12. P@e5 dxe5 13. dxe5 Ne8 14. Bh5+ g6 15. Bg4 P@f5 16. Bf3 Bg7 17. P@f6 
Nxf6 18. exf6 Bxf6 19. P@e5 Bg7 20. N@d6+ Kf8 21. Nxd5 Nxd5 22. Bxd5 cxd5 
23. N@f7 Qe7 24. Nxh8 Bxh8 25. R@f7+ Qxf7 26. Nxf7 Kxf7 27. Qxd5+ B@e6 28. P@f6 
N@e2+ 29. Kh1 N@g3+ 30. hxg3 R@h3+ 31. gxh3 Bxd5+ 32. P@g2 Bxg2+ 33. Kh2 N@g4+ 
34. hxg4 Q@h3# 
{Korchnoj checkmated} 0-1

[Event "fics rated crazyhouse match"]
[Site "fics, Oklahoma City, OK USA"]
[Date "2001.02.02"]
[White "Blechkiste"]
[WhiteElo "2509"]
[Black "Korchnoj"]
[BlackElo "2135"]
[TimeControl "180+0"]
[Result "1-0"]

1. e4 d6 2. d4 e6 3. Nc3 Be7 4. Bb5+ Bd7 5. Nf3 Nf6 6. e5 
Nd5 7. Bxd7+ Nxd7 8. Nxd5 exd5 9. N@f5 Rg8 10. h4 dxe5 11. dxe5 B@e4 
12. Nxe7 Qxe7 13. P@f4 Bxf3 14. Qxf3 P@e4 15. Qh5 N@d4 16. Qxh7 O-O-O 17. B@d1 
Rh8 18. Qxg7 Rxh4 19. Rxh4 Qxh4 20. R@a8+ R@b8 21. Rxa7 P@h2 22. B@h1 N@b5 
23. Ra5 Nb6 24. Qxf7 Nd6 25. exd6 Rxd6 26. Qe8+ Rd8 27. N@a7# 
{Korchnoj checkmated} 1-0

[Event "fics rated crazyhouse match"]
[Site "fics, Oklahoma City, OK USA"]
[Date "2001.02.02"]
[White "Korchnoj"]
[WhiteElo "2133"]
[Black "Blechkiste"]
[BlackElo "2511"]
[TimeControl "180+0"]
[Result "0-1"]

1. e4 Nf6 2. Nc3 d5 3. exd5 Nxd5 4. Nxd5 Qxd5 5. d4 Qe4+ 6. Be3 
N@b4 7. P@d3 Qc6 8. c3 P@a3 9. bxa3 Qxc3+ 10. Ke2 P@c2 11. Qd2 Qxa1 
12. axb4 R@e1+ 13. Qxe1 Qxe1+ 14. Kxe1 Q@d1# 
{Korchnoj checkmated} 0-1

[Event "fics rated crazyhouse match"]
[Site "fics, Oklahoma City, OK USA"]
[Date "2001.02.02"]
[White "Blechkiste"]
[WhiteElo "2513"]
[Black "Korchnoj"]
[BlackElo "2131"]
[TimeControl "180+0"]
[Result "1-0"]

1. d4 d6 2. Nc3 e6 3. Nf3 Nf6 4. e4 Be7 5. Bb5+ Bd7 6. e5 
Nd5 7. Bxd7+ Nxd7 8. Nxd5 exd5 9. N@f5 B@e4 10. Nxg7+ Kf8 11. B@h6 Kg8 
12. e6 fxe6 13. Nxe6 Qe8 14. Nxc7 Qf7 15. P@e6 
{Korchnoj resigns} 1-0

[Event "fics rated crazyhouse match"]
[Site "fics, Oklahoma City, OK USA"]
[Date "2001.02.02"]
[White "Korchnoj"]
[WhiteElo "2129"]
[Black "Blechkiste"]
[BlackElo "2515"]
[TimeControl "180+0"]
[Result "1-0"]

1. e4 e6 2. d4 d5 3. exd5 exd5 4. Nf3 Nc6 5. Nc3 Bg4 6. Be2 
P@h3 7. Rg1 hxg2 8. Rxg2 Bf5 9. Bf4 Nb4 10. P@d3 Bh3 11. Rg1 h6 
12. Ne5 P@f6 13. Nf3 g5 14. Bd2 g4 15. Nh4 Qd6 16. Rg3 Qxg3 17. fxg3 
R@g1+ 18. Kf2 Rxd1 19. Rxd1 Q@d7 20. Re1 Kd8 21. Rc1 c5 22. a3 cxd4 
23. axb4 dxc3 24. Bxc3 d4 25. Bxd4 Qxd4+ 26. P@e3 P@d2 27. exd4 dxc1=Q 28. P@c7+ 
Kxc7 29. N@d5+ Kd6 30. Q@c7+ Kxd5 31. Q@e4# 
{Blechkiste checkmated} 1-0

[Event "fics rated crazyhouse match"]
[Site "fics, Oklahoma City, OK USA"]
[Date "2001.02.02"]
[White "tantheman"]
[WhiteElo "2273"]
[Black "JiggaB"]
[BlackElo "2325"]
[TimeControl "60+0"]
[Result "0-1"]

1. e4 e6 2. Nc3 Nc6 3. Nf3 Nf6 4. d4 Bb4 5. Bd3 d5 6. exd5 
exd5 7. Qd2 Qe7+ 8. P@e5 Bxc3 9. bxc3 N@e4 10. O-O Nxd2 11. Bxd2 Ne4 
12. B@h4 Nxd2 13. Bxe7 Nxf3+ 14. Kh1 P@h3 15. Rg1 hxg2+ 16. Rxg2 P@h3 17. N@h5 
hxg2+ 18. Kxg2 Q@h3+ 19. Kh1 B@g2# 
{tantheman checkmated} 0-1

[Event "fics rated crazyhouse match"]
[Site "fics, Oklahoma City, OK USA"]
[Date "2001.02.02"]
[White "JiggaB"]
[WhiteElo "2332"]
[Black "tantheman"]
[BlackElo "2266"]
[TimeControl "60+0"]
[Result "0-1"]

1. e4 e6 2. Nc3 b6 3. d4 Bb7 4. Be3 Nf6 5. Bd3 Bb4 6. f3 
d5 7. e5 Ne4 8. fxe4 dxe4 9. Be2 Nc6 10. Nh3 Ne7 11. O-O Bxc3 
12. bxc3 Nd5 13. Bg5 f6 14. exf6 gxf6 15. Bh5+ P@g6 16. Bxf6 Nxf6 17. P@f7+ 
Kxf7 18. Ng5+ Ke7 19. P@e5 B@e3+ 20. B@f2 Bxg5 21. exf6+ Bxf6 22. Bg3 P@f3 
23. gxf3 N@e3 24. Qe2 N@h3+ 25. Kh1 exf3 26. Bxf3 P@g2+ 27. Bxg2 Nxg2 28. P@f3 
P@g4 29. Rae1 B@d5 30. P@e4 gxf3 31. Rxf3 Bxe4 32. N@d5+ Bbxd5 33. P@d6+ cxd6 
34. N@e3 Bxf3 35. Nxg2 Bxg2+ 36. Qxg2 Bxg2+ 37. Kxg2 N@f4+ 38. Bxf4 Nxf4+ 39. Kf3 
Q@g2+ 40. Ke3 R@f3+ 41. Ke4 P@d5# 
{JiggaB checkmated} 0-1

[Event "fics rated crazyhouse match"]
[Site "fics, Oklahoma City, OK USA"]
[Date "2001.02.02"]
[White "tantheman"]
[WhiteElo "2275"]
[Black "JiggaB"]
[BlackElo "2323"]
[TimeControl "60+0"]
[Result "1-0"]

1. e4 e6 2. Nc3 Nc6 3. Nf3 Nf6 4. e5 Nd5 5. d4 d6 6. exd6 
Bxd6 7. Bd3 Nxc3 8. bxc3 P@g6 9. O-O Bd7 10. P@h6 Rg8 11. hxg7 N@f5 
12. P@e5 Be7 13. N@h6 Nxh6 14. Bxh6 N@f5 15. Bxf5 exf5 16. N@d5 Be6 17. Nxe7 
Qxe7 18. N@f6+ Qxf6 19. exf6 O-O-O 20. B@b5 B@d7 21. Bxc6 Bxc6 22. N@b4 B@d7 
23. Ne5 N@h4 24. Nbxc6 Bxc6 25. Nxc6 bxc6 26. B@a6+ Kd7 27. Q@e7# 
{JiggaB checkmated} 1-0

[Event "fics rated crazyhouse match"]
[Site "fics, Oklahoma City, OK USA"]
[Date "2001.02.02"]
[White "JiggaB"]
[WhiteElo "2314"]
[Black "tantheman"]
[BlackElo "2284"]
[TimeControl "60+0"]
[Result "0-1"]

1. d4 e6 2. Nf3 b6 3. Nc3 Bb7 4. e4 Nf6 5. Bd3 Bb4 6. e5 
Ng4 7. Bd2 Bxc3 8. bxc3 Nxf2 9. Kxf2 P@e4 10. Be2 N@g4+ 11. Kf1 exf3 
12. Bxf3 N@e3+ 13. Bxe3 Nxe3+ 14. Ke2 Bxf3+ 15. gxf3 Nxd1 16. Raxd1 B@d5 17. P@e4 
Bxa2 18. B@a3 B@e7 19. Bxe7 Qxe7 20. B@b5 B@a6 21. Bxa6 Nxa6 22. B@e3 B@g5 
23. B@d2 Bc4+ 24. N@d3 Bxd3+ 25. cxd3 P@f4 26. Bxf4 Bxf4 27. Bxf4 N@h3 28. B@e3 
B@g5 29. Bxg5 Qxg5 30. B@d2 B@f4 31. B@g3 Bxe3 32. Bxe3 Q@g2+ 33. B@f2 B@f4 
34. Bexf4 Qxf4 35. Bxf4 Qxf2# 
{JiggaB checkmated} 0-1

[Event "fics rated crazyhouse match"]
[Site "fics, Oklahoma City, OK USA"]
[Date "2001.02.02"]
[White "tantheman"]
[WhiteElo "2293"]
[Black "JiggaB"]
[BlackElo "2305"]
[TimeControl "60+0"]
[Result "0-1"]

1. e4 e6 2. Nc3 Nc6 3. Nf3 Nf6 4. e5 Nd5 5. d4 Nxc3 6. bxc3 
d6 7. Bd3 dxe5 8. dxe5 N@c5 9. N@h5 Nxd3+ 10. cxd3 B@g6 11. N@f6+ gxf6 
12. Nxf6+ Qxf6 13. exf6 P@g7 14. P@e7 Bxe7 15. fxe7 Nxe7 16. B@e5 P@f6 17. Bxc7 
O-O 18. P@d6 Nf5 19. P@e7 Re8 20. h4 P@h5 21. Qa4 N@c6 22. Ba3 Bd7 
23. Qb3 N@f4 24. O-O Nxd3 25. Qxb7 P@e2 26. P@g5 exf1=Q+ 27. Rxf1 fxg5 28. hxg5 
P@e2 29. P@f6 exf1=Q+ 30. Kxf1 R@d1+ 31. Ke2 R@c2+ 32. P@d2 Rdxd2+ 33. Nxd2 Rxd2+ 
34. Kxd2 N@c4+ 35. Kxd3 N6e5+ 36. Ke2 P@d3+ 37. Kf1 Nf3 38. R@h8+ Kxh8 39. R@f8+ 
Rxf8 40. fxg7+ Nxg7 41. exf8=Q+ Rxf8 42. Q@d1 Rg8 43. Qbxf3 R@h1+ 44. R@g1 Rxg1# 
{tantheman forfeits on time} 0-1